 Dungeon Crawl Stone Soup version 0.30-a0-591-g3c58d2bc28 (webtiles) character file.

Game seed: 10923155690975294827

4 Newt the Ducker (level 1, -1/16 HPs)
             Began as a Demonspawn Gladiator on Jan 4, 2023.
             Slain by a gnoll
             ... wielding a +0 club
              (3 damage)
             ... on level 1 of the Dungeon.
             The game lasted 00:00:12 (163 turns).

Newt the Ducker (Demonspawn Gladiator)               Turns: 163, Time: 00:00:13

Health: -1/16      AC:  4    Str: 14    XL:     1   Next: 58%
Magic:  1/1        EV: 12    Int:  9    God:
Gold:   8          SH:  0    Dex: 14    Spells: 0/0 levels left

rFire   . . .      SeeInvis .    a - +0 rapier
rCold   . . .      Faith    .    (no shield)
rNeg    . . .      Spirit   .    b - +0 leather armour
rPois   .          Reflect  .    c - +0 helmet
rElec   .          Harm     .    (no cloak)
rCorr   .          Rampage  .    (no gloves)
Will    .....                    (no boots)
Stlth   +                        (no amulet)
HPRegen 0.22/turn                (no ring)
MPRegen 0.07/turn                (no ring)

@: no status effects
A: no striking features
a: no special abilities


You were on level 1 of the Dungeon.
You visited 1 branch of the dungeon, and saw 1 of its levels.

You collected 8 gold pieces.

Inventory:

Hand Weapons
 a - a +0 rapier (weapon)
Missiles
 d - a throwing net (quivered)
 e - 6 javelins
Armour
 b - a +0 leather armour (worn)
 c - a +0 helmet (worn)


   Skills:
 - Level 2.0 Fighting
 - Level 2.6 Short Blades
 - Level 1.7 Throwing
 - Level 2.6 Dodging
 * Level 1.2 Stealth


You couldn't memorise any spells.
You didn't know any spells.
Your spell library was empty.

Dungeon Overview and Level Annotations

Branches:
Dungeon (1/15)

Altars:


Message History

The gnoll is heavily wounded.
The frilled lizard closely misses you. The gnoll hits you with a +0 club.
* * * LOW HITPOINT WARNING * * *
The frilled lizard attacks as you move away!
The frilled lizard closely misses you.
The frilled lizard attacks as you move away!
The frilled lizard closely misses you.
The frilled lizard attacks as you move away!
The frilled lizard bites you.
* * * LOW HITPOINT WARNING * * *
The frilled lizard attacks as you move away!
The frilled lizard barely misses you.
You hit the frilled lizard.
You kill the frilled lizard!
You hit the gnoll but do no damage.
The gnoll is heavily wounded.
The gnoll hits you with a +0 club.
* * * LOW HITPOINT WARNING * * *
Throw: 3 throwing nets
Press: ? - help, Q - select action, (/) - cycle Shift-Dir - straight line, f - gnoll
Aim: a gnoll, wielding a +0 club (heavily wounded, 63% to hit)
You throw a throwing net.
The throwing net closely misses the gnoll.
The throwing net hits the endoplasm.
The endoplasm is caught in the net!
The gnoll hits you with a +0 club.
* * * LOW HITPOINT WARNING * * *
The endoplasm struggles against the net.
You hit the gnoll.
The gnoll is heavily wounded.
The endoplasm struggles against the net.
The gnoll misses you.
Throw: 2 throwing nets
Press: ? - help, Q - select action, (/) - cycle Shift-Dir - straight line, f/p - gnoll
Aim: a gnoll, wielding a +0 club (heavily wounded, 63% to hit)
You throw a throwing net.
The throwing net barely misses the gnoll.
The throwing net hits the endoplasm.
The endoplasm struggles against the net.
The gnoll hits you with a +0 club.
You die...

#..# #..# #..#
#..# #.J# ##.#
#.# #.##### #
##.Jg@.#
.#.#.###.# #
#.##.# #)# #.
#.##.# #.# #.#
#.##)# #.# #..
#.##.# #.# #.#
#.####.##.#
#.# .#
#.......†###.#
##
##.##........#


You could see a gnoll and an endoplasm (caught).

Vanquished Creatures
  A goblin (D:1)
  A quokka (D:1)
  A ball python (D:1)
  A frilled lizard (D:1)
  A rat (D:1)
5 creatures vanquished.

Notes
Turn   | Place    | Note
-------+----------+-------------------------------------------
     0 | D:1      | Newt the Demonspawn Gladiator began the quest for the Orb.
     0 | D:1      | Reached XP level 1. HP: 16/16 MP: 1/1
   107 | D:1      | Reached skill level 1 in Stealth
   163 | D:1      | Slain by a gnoll

Illustrated notes

Levels and vault maps discovered:
D:1:      dreamdust_arrival_beginning_and_end, layout_loops_ring,
          minmay_fountain_box, serial_park_tiny_1

Skill      XL: |  1 |
---------------+----+-----
Stealth        | 1 |  1.2
Fighting       | |  2.0
Short Blades   | |  2.6
Throwing       | |  1.7
Dodging        | |  2.6

Action                   || total
-------------------------++-------
Melee: Rapier            ||    18
Throw: Throwing net      ||     2
Armor: Leather armour    ||     7
Dodge: Dodged            ||    17

Table legend: (Time is in decaauts)
 A = Elapsed time spent in this place.
 B = Non-inter-level travel time spent in this place.
 C = Inter-level travel time spent in this place.
 D = Time resting spent in this place.
 E = Time spent auto-exploring this place.
 F = Levels seen in this place.
 G = Mean time per level.
                   A        B        C        D        E       F      G
               +--------+--------+--------+--------+--------+-----+--------+
         Total |    164 |    164 |      0 |      0 |    117 |   1 |  164.0 |
       Dungeon |    164 |    164 |      0 |      0 |    117 |   1 |  164.0 |
               +--------+--------+--------+--------+--------+-----+--------+

Top non-repeatable levels by time:
     D:1: 164 daAuts
